 Dungeon Crawl Stone Soup version 0.28-a0-305-g9e858e973b (webtiles) character file.

Game seed: 156062970436113009

47 dolemite99 the Stinger (level 3, 0/16 HPs)
             Began as a Spriggan Venom Mage on Aug 29, 2021.
             Succumbed to an adder's poison
             ... on level 2 of the Dungeon.
             The game lasted 00:03:15 (2383 turns).

dolemite99 the Stinger (Spriggan Venom Mage)        Turns: 2383, Time: 00:03:15

Health: 0/16       AC:  2    Str:  4    XL:     3   Next: 48%
Magic:  3/8        EV: 17    Int: 17    God:
Gold:   109        SH:  0    Dex: 15    Spells: 5/8 levels left

rFire   . . .      SeeInvis +   c - +0 spear
rCold   . . .      Faith    .   (shield restricted)
rNeg    . . .      Spirit   .   a - +0 robe
rPois   .          Reflect  .   (helmet restricted)
rElec   .          Harm     .   (no cloak)
rCorr   .          Rampage  .   (gloves unavailable)
Will    .....                   (boots unavailable)
Stlth   ++........              (no amulet)
HPRegen 0.05/turn               (no ring)
MPRegen 0.11/turn               (no ring)

@: lethally poisoned (0 -> -9), very quick
A: very small, no large weapons, unfitting armour, see invisible, speed 3
a: no special abilities


You were on level 2 of the Dungeon.
You visited 1 branch of the dungeon, and saw 2 of its levels.

You collected 109 gold pieces.

Inventory:

Hand Weapons
 c - a +0 spear (weapon)
 j - a +0 trident
Missiles
 b - 96 stones
 p - 24 sling bullets
Armour
 a - a +0 robe (worn)
Jewellery
 d - a ring of positive energy
Scrolls
 e - a scroll of fear {unknown}
 f - a scroll of magic mapping {unknown}
 h - a scroll of immolation {unknown}
 i - a scroll of identify {unknown}
 l - a scroll of torment {unknown}
 n - a scroll of vulnerability {unknown}
Potions
 g - a potion of curing {unknown}
 k - a potion of cancellation {unknown}
 m - 2 potions of magic {unknown}
 o - a potion of invisibility {unknown}


   Skills:
 - Level 2.9 Dodging
 - Level 3.2 Stealth
 - Level 3.1 Spellcasting
 + Level 2.8 Transmutations
 + Level 0.9 Air Magic
 + Level 3.4 Poison Magic


You had 5 spell levels left.
You knew the following spells:

 Your Spells              Type           Power      Damage    Failure   Level
a - Sting                 Tmut/Pois      52%        1d5       4%          1
b - Poisonous Vapours     Pois/Air       20%        N/A       11%         2

Your spell library contained the following spells:

 Spells                   Type           Power      Damage    Failure   Level
 Mephitic Cloud           Conj/Pois/Air  7%         N/A       28%         3
 Olgreb's Toxic Radiance  Pois           14%        N/A       38%         4
 Ozocubu's Armour         Ice            2%         N/A       45%         3
 Metabolic Englaciation   Hex/Ice        1%         N/A       99%         5
 Simulacrum               Ice/Necr       1%         N/A       100%        6


Dungeon Overview and Level Annotations

Branches:
Dungeon (2/15)

Altars:


Innate Abilities, Weirdness & Mutations

You are very small and have problems with some larger weapons.
You are too small for most types of armour.
You have supernaturally acute eyesight. (SInv)
You cover ground extremely quickly. (Speed+++)


Message History

You can't see any susceptible monsters within range! (Use Z to cast anyway.) Unknown command.
There is an open door here.
Casting: Sting (safe; 4% risk of failure)
Confirm with . or Enter, or press ? or * to list all spells.
Aiming: Sting (safe; 4% risk of failure)
Press: ? - help, Shift-Dir - straight line, f - adder
Aim: an adder (53% to hit)
The sting hits the adder.
The adder is poisoned.
The adder is lightly wounded.
Casting: Sting (safe; 4% risk of failure)
Confirm with . or Enter, or press ? or * to list all spells.
Aiming: Sting (safe; 4% risk of failure)
Press: ? - help, Shift-Dir - straight line, f/p - adder
Aim: an adder (moderately wounded, poisoned, 53% to hit)
The sting misses the adder.
The adder misses you.
Casting: Sting (safe; 4% risk of failure)
Confirm with . or Enter, or press ? or * to list all spells.
Aiming: Sting (safe; 4% risk of failure)
Press: ? - help, Shift-Dir - straight line, f/p - adder
Aim: an adder (moderately wounded, poisoned, 53% to hit)
The sting hits the adder.
The adder looks even sicker.
The adder is heavily wounded.
The adder bites you.
You are poisoned.
The adder poisons you! The adder bites you.
You are lethally poisoned!
The adder poisons you!
Casting: Sting (safe; 4% risk of failure)
Confirm with . or Enter, or press ? or * to list all spells.
Aiming: Sting (safe; 4% risk of failure)
Press: ? - help, Shift-Dir - straight line, f/p - adder
Aim: an adder (severely wounded, very poisoned, 53% to hit)
The sting misses the adder.
You feel very sick. The adder bites you.
* * * LOW HITPOINT WARNING * * *
You hit the adder.
You kill the adder!
You die...

...# #........# #.....## ...#
#........# #....... ...#
#........# #.....## ...#
#........#####.....## ...###
#.................... .....#
#...................# .....#
##....'''........#..# .S†..#
#....###......#.#... ##...#
#..@.# #....).#.#... #.h.#
#....###......#.#... #...#
#....'..............
#...#########....#########.#..##
#...'.††.S).'....# #.#..##
#...#########....# #.##>.. ##'##
#........## #.##### #.#
#.#####..# #.# #.# #.##.....#
#.#####


There were no monsters in sight!

Vanquished Creatures
  2 adders (D:2)
  2 dart slugs
  5 ball pythons
  2 endoplasms
  A goblin (D:2)
  3 hobgoblins
  6 jackals
  3 kobolds
  2 quokkas
  7 rats (D:2)
33 creatures vanquished.

Notes
Turn   | Place    | Note
-------+----------+-------------------------------------------
     0 | D:1      | dolemite99 the Spriggan Venom Mage began the quest for the
                  | Orb.
     0 | D:1      | Reached XP level 1. HP: 9/9 MP: 5/5
   420 | D:1      | Reached XP level 2. HP: 13/13 MP: 3/6
   683 | D:1      | Found a faded altar of an unknown god.
  1265 | D:2      | Learned a level 2 spell: Poisonous Vapours
  1735 | D:2      | Reached XP level 3. HP: 16/16 MP: 5/8
  2383 | D:2      | Succumbed to an adder's poison

Illustrated notes

Levels and vault maps discovered:
D:1:      minmay_arrival_shattered_statue, layout_loops_ring,
          basic_ecumenical_altar
D:2:      layout_basic, minmay_rat_hole

Skill      XL: |  1  2 |
---------------+-------+-----
Spellcasting   | 3 |  3.1
Transmutations | 2 |  2.8
Dodging        | |  2.9
Stealth        | |  3.2
Air Magic      | |  0.9
Poison Magic   | |  3.4

Action                   || total
-------------------------++-------
Melee: Spear             ||     1
 Cast: Sting             ||    61
Armor: Robe              ||     1
Dodge: Dodged            ||    13

Table legend: (Time is in decaauts)
 A = Elapsed time spent in this place.
 B = Non-inter-level travel time spent in this place.
 C = Inter-level travel time spent in this place.
 D = Time resting spent in this place.
 E = Time spent auto-exploring this place.
 F = Levels seen in this place.
 G = Mean time per level.
                   A        B        C        D        E       F      G
               +--------+--------+--------+--------+--------+-----+--------+
         Total |   1863 |   1847 |     16 |    695 |    885 |   2 |  931.5 |
       Dungeon |   1863 |   1847 |     16 |    695 |    885 |   2 |  931.5 |
               +--------+--------+--------+--------+--------+-----+--------+

Top non-repeatable levels by time:
     D:2: 1106 daAuts
     D:1: 756 daAuts
